 Dungeon Crawl Stone Soup version 0.31.0-32-g396128a36d (webtiles) character file.

Game seed: 13879390460470357476

49997 spaghetti the Covert (level 14, -9/78 (86) HPs)
             Began as a Deep Elf Chaos Knight on Mar 9, 2024.
             Was a Plaything of Xom.
             Hit by a javelin thrown by Urug (16 damage)
             ... on level 4 of the Lair of Beasts.
             The game lasted 01:01:09 (25534 turns).

spaghetti the Covert (Deep Elf Chaos Knight)       Turns: 25534, Time: 01:01:09

HP:   -9/78 (86)    AC: 10    Str:  6    XL:     14   Next: 18%
MP:   6/31          EV: 14    Int: 33    God:    Xom [.*....]
Gold: 1423          SH:  9    Dex: 11    Spells: 23/35 levels left

rFire   . . .        u - +5 rapier (speed)
rCold   + . .        (no shield)
rNeg    . . .        E - +0 acid dragon scales
rPois   .            (helmet restricted)
rElec   .            k - +2 cloak
rCorr   +            B - +1 pair of gloves
SInv    +            (no boots)
Will    +....        g - amulet of reflection
Stlth   ++++         r - +6 ring of intelligence
HPRegen 1.13/turn    a - ring of see invisible
MPRegen 0.22/turn

%: reflection
@: on blink cooldown, drained
A: antennae 1, large bone plates 1, clever 1, clumsy 1, cold resistance 1,
deformed body, regeneration 1, weak 1, MP-powered wands
a: Renounce Religion


You were on level 4 of the Lair of Beasts.
You worshipped Xom.
You were a plaything of Xom.
You visited 3 branches of the dungeon, and saw 20 of its levels.

You collected 1758 gold pieces.
You spent 335 gold pieces at shops.

Inventory:

Hand Weapons
 t - a +3 dagger of electrocution
 u - a +5 rapier of speed (weapon)
Missiles
 v - 11 poisoned darts (quivered)
Armour
 b - a +2 leather armour
 c - a +0 helmet
 k - a +2 cloak (worn)
 B - a +1 pair of gloves (worn)
 E - +0 acid dragon scales (worn)
 P - the +0 robe of the Red God {rF++ Dex+6}
   (You bought it in a shop on level 2 of the Orcish Mines)

   Dex+6:     It affects your dexterity (+6).
   rF++:      It greatly protects you from fire.
Magical Staves
 J - a staff of fire
Jewellery
 a - a ring of see invisible (right hand)
 f - an amulet of faith
 g - an amulet of reflection (around neck)
 p - a ring of positive energy
 r - a +6 ring of intelligence (left hand)
Wands
 e - a wand of paralysis (16)
 o - a wand of flame (17)
 w - a wand of mindburst (16)
 y - a wand of acid (7)
 z - a wand of polymorph (16)
 A - a wand of digging (5)
 F - a wand of roots (5)
Scrolls
 i - 5 scrolls of amnesia
 j - 3 scrolls of poison
 l - 4 scrolls of enchant armour
 m - 2 scrolls of revelation
 n - 10 scrolls of immolation
 s - a scroll of torment
 G - a scroll of fog
 I - a scroll of brand weapon
 K - 2 scrolls of fear
 Q - 2 scrolls of identify
Potions
 d - 4 potions of might
 h - 4 potions of cancellation
 q - 2 potions of brilliance
 x - a potion of enlightenment
 C - a potion of haste
 H - 3 potions of heal wounds
 M - 2 potions of attraction
 N - a potion of berserk rage
 O - a potion of magic


   Skills:
 + Level 9.4 Fighting
 + Level 11.0 Short Blades
 + Level 7.3 Armour
 - Level 10.0 Dodging
 - Level 12.0 Stealth
 - Level 11.0 Spellcasting
 - Level 11.0 Summonings
 - Level 5.0 Air Magic


You had 23 spell levels left.
You knew the following spells:

 Your Spells              Type           Power      Damage    Failure   Level
a - Call Imp              Summ           100%       N/A       1%          2
b - Animate Armour        Summ/Erth      100%       N/A       4%          4
c - Summon Lightning Spi  Summ/Air       63%        N/A       1%          4
i - Blink                 Tloc           36%        N/A       7%          2

Your spell library contained the following spells:

 Spells                   Type           Power      Damage    Failure   Level
 Magic Dart               Conj           72%        1d6       4%          1
 Lesser Beckoning         Tloc           36%        N/A       7%          2
 Momentum Strike          Conj/Tloc      36%        3d9       7%          2
 Frozen Ramparts          Ice            36%        1d6       14%         3
 Stone Arrow              Conj/Erth      36%        3d9       14%         3
 Cause Fear               Hex            9%         N/A       41%         4
 Leda's Liquefaction      Alch/Erth      9%         N/A       41%         4
 Petrify                  Alch/Erth      18%        N/A       41%         4
 Fireball                 Conj/Fire      9%         3d6       77%         5
 Lee's Rapid Deconstruct  Erth           9%         3d7*      77%         5
 Metabolic Englaciation   Hex/Ice        9%         N/A       77%         5
 Lehudib's Crystal Spear  Conj/Erth      9%         10d4      100%        8
 Dragon's Call            Summ           37%        N/A       100%        9


Dungeon Overview and Level Annotations

Branches:
Dungeon (14/15)            Temple (0/1) D:7            Lair (4/5) D:9
  Swamp (0/4) Lair:2        Snake (0/4) Lair:2        Slime (0/5) Lair:4
    Orc (2/2) D:10            Elf (0/3) Orc:2
 Vaults: D:13-14

Altars:
Dithmenos
Elyvilon
Gozag
Okawaru
Sif Muna
Trog
Xom

Shops:
D:3 *   D:4 [   Orc:2 **[(=

Annotations:
D:8 2 transporters
D:12 1 exclusion
Lair:4 3 runed translucent doors, Urug; leafyfresh's ghost, journeyman DjIE


Innate Abilities, Weirdness & Mutations

You have a pair of small antennae on your head.
You are partially covered in large bone plates. (SH +4)
Your mind is acute. (Int +4, Str/Dex -1)
You are clumsy. (Dex -2)
Your flesh is cold resistant. (rC+)
Armour fits poorly on your strangely shaped body.
Your natural rate of healing is unusually fast.
You are weak. (Str -2)
You expend magic power (3 MP) to strengthen your wands.


Message History

Your animated acid dragon scales hits the skyshark.
Your animated acid dragon scales hits the skyshark but does no damage.
You puncture Urug!
Urug is almost dead.
You hit Urug but do no damage.
Urug is almost dead.
The skyshark bites your animated acid dragon scales.
The skyshark tail-slaps your animated acid dragon scales.
Your animated acid dragon scales is destroyed!
Your animated acid dragon scales disappears in a puff of smoke!
Urug hits you with a +4 eveningstar of draining!
You feel drained.
You closely miss Urug.
Urug is almost dead.
Your lightning spire disappears in a puff of smoke!
Your cerulean imp misses the skyshark.
The skyshark bites you. You block the skyshark's attack.
The skyshark tail-slaps you but does no damage.
Casting: Blink (safe; 7% risk of failure)
Confirm with . or Enter, or press ? or * to list all spells.
An electric hum fills the air.
The bullfrog releases a deep croak.
Urug hits you with a +4 eveningstar of draining!!
* * * LOW HITPOINT WARNING * * *
You feel drained.
* * * LOW HITPOINT WARNING * * *
You emit a cloud of colourful smoke!
The skyshark bites you!
* * * LOW HITPOINT WARNING * * *
You block the skyshark's attack.
The skyshark tail-slaps you but does no damage.
The wolf pauses to sniff the ground.
Your cerulean imp barely misses the skyshark.
Okay, then.
Blink to where?
Press: ? - help, Dir - move target, p - Urug
As you read the scroll of blinking, it crumbles to dust.
Urug throws a javelin.
The javelin pierces through you!
You die...
Urug says, "One more harpy dead."

....##.§§..#Yl#.#({#..P.....
.......§Fo8+WF.#.)l#........
.......§§§.+lF...:W#........
.....(#....+S..#.[.#.......>
......#....#..#.#..#........
P....####..#.......#........
P...# ##..#########..#.....
..## #..............###### l
#..@..........# #
##.......####P# #.##....#
### ## #...# ....# # ...# .
... . ... . #


You could see a skyshark (berserk), Urug (ally target) and a friendly lightning
spire (summoned).

Vanquished Creatures
  A spark wasp (D:9)
  Erica (Lair:2)
  A boulder beetle (D:12)
  2 two-headed ogres
  2 orc high priests
  Pikel (D:4)
  2 lindwurms (Lair:4)
  Maurice (D:9)
  A meliai (D:13)
  2 black mambas
  A torpor snail (Lair:2)
  A gargoyle (D:12)
  An unseen horror (D:11)
  A cane toad (Lair:1)
  2 komodo dragons (Lair:1)
  2 trolls
  Prince Ribbit (D:8)
  A hornet (D:11)
  4 blink frogs
  Sigmund (D:5)
  4 shadows
  A wraith (D:10)
  5 yaks
  A wyvern (D:9)
  A vampire (D:12)
  A steam dragon (shapeshifter) (D:13)
  A steam dragon (D:7)
  2 basilisks (Lair:1)
  Menkaure (D:7)
  2 acid dragons
  Edmund (D:6)
  8 orc warriors
  A sky beast (D:7)
  A black bear (D:4)
  9 wolves
  2 centaurs
  A phantom (D:4)
  7 bullfrogs
  2 scorpions
  Blork the orc (D:5)
  5 killer bees (D:9)
  4 spriggan skeletons (D:11)
  A troll skeleton (D:11)
  5 howler monkeys
  An electric eel (D:12)
  2 bombardier beetles (D:4)
  6 orc priests
  3 hounds
  3 iguanas
  18 orc wizards
  A hell rat (D:9)
  A nameless horror (Lair:3)
  10 adders
  A river rat (D:4)
  A shadow imp (D:8)
  2 white imps (D:7)
  4 dart slugs
  27 orcs
  6 ball pythons
  5 bats
  4 endoplasms
  7 giant cockroaches
  5 hobgoblins
  A jackal (D:4)
  6 quokkas
  3 frilled lizards
  3 goblins
  11 kobolds
  6 rats
233 creatures vanquished.

Vanquished Creatures (collateral kills)
  An orc warlord (Orc:2)
  A hydra (Lair:2)
  A catoblepas (Lair:3)
  A two-headed ogre (D:12)
  A boulder beetle (D:13)
  2 death yaks (D:9)
  An orc high priest (Orc:1)
  Nergalle (D:12)
  2 lindwurms (Lair:4)
  2 ugly things
  3 orc knights
  2 deep elf pyromancers
  6 orc sorcerers (Orc:2)
  A deep elf zephyrmancer (D:14)
  2 cyclopes (D:12)
  5 meliai (D:13)
  A kobold blastminer (Orc:2)
  2 black mambas
  A gargoyle (D:11)
  9 cane toads
  A komodo dragon (Lair:2)
  5 trolls
  13 blink frogs
  Grinder (D:6)
  A shadow (D:12)
  A water elemental (D:12)
  A wraith (D:7)
  3 wyverns
  19 yaks
  2 basilisks
  4 vampire mosquitoes (D:13)
  3 nagas (Lair:2)
  An acid dragon (D:7)
  6 water moccasins
  Duvessa (D:6)
  17 orc warriors
  2 ice beasts
  3 ogres (Orc:2)
  11 wolves
  4 centaurs
  A kobold brigand (D:9)
  A lemure (D:3)
  4 bullfrogs
  A gnoll sergeant (D:11)
  2 scorpions
  Dowan (D:6)
  3 nameless horrors
  A spriggan skeleton (D:11)
  2 howler monkeys
  3 jellies
  2 bombardier beetles
  12 orc priests
  A hound (D:6)
  3 sleepcaps
  10 orc wizards
  A hell rat (D:9)
  4 gnolls (D:11)
  5 adders
  2 ufetubi (D:5)
  A ribbon worm (D:3)
  33 orcs
  A goblin (D:4)
  A jackal (D:4)
  A quokka (D:4)
  3 ball pythons
  2 kobolds (D:9)
  2 rats
247 creatures vanquished.

Vanquished Creatures (others)
  A rat zombie (D:4)
1 creature vanquished.

Grand Total: 481 creatures vanquished

Notes
Turn   | Place    | Note
-------+----------+-------------------------------------------
     0 | D:1      | spaghetti the Deep Elf Chaos Knight began the quest for the
                  | Orb.
     0 | D:1      | Reached XP level 1. HP: 13/13 MP: 3/3
    33 | D:1      | Reached skill level 1 in Stealth
    84 | D:1      | Reached skill level 2 in Stealth
   132 | D:1      | Reached XP level 2. HP: 18/18 MP: 4/4
   161 | D:1      | XOM: butterfly on damage
   176 | D:1      | Reached skill level 3 in Stealth
   384 | D:1      | XOM: cloud trail
   611 | D:1      | Reached XP level 3. HP: 20/22 MP: 5/5
   614 | D:1      | Learned a level 2 spell: Call Imp
   693 | D:1      | XOM: scenery: create altars
   814 | D:1      | XOM: divination: detect creatures
  1011 | D:2      | XOM: 3-stop teleportation journey
  1297 | D:2      | XOM: noise
  1491 | D:2      | Reached skill level 4 in Stealth
  1491 | D:2      | Reached skill level 1 in Spellcasting
  1689 | D:3      | XOM: silly message
  1745 | D:3      | Reached skill level 1 in Summonings
  1752 | D:3      | XOM: potion effect (brilliance)
  1789 | D:3      | Reached XP level 4. HP: 14/27 MP: 5/8
  1879 | D:3      | Found Xakag's Assorted Antiques.
  1885 | D:3      | Bought a scroll of identify for 50 gold pieces
  1905 | D:3      | Found an iron altar of Okawaru.
  2049 | D:3      | Learned a level 2 spell: Blink
  2158 | D:3      | Found a shimmering blue altar of Sif Muna.
  2303 | D:3      | XOM: summons 1 hostile shadow creature
  2925 | D:4      | Noticed Pikel
  2925 | D:4      | Noticed a lemure
  2925 | D:4      | Noticed a lemure
  2925 | D:4      | Noticed a lemure
  2925 | D:4      | Noticed a lemure
  2927 | D:3      | XOM: summons 3 hostile demons
  2930 | D:3      | XOM: fake destruction
  2941 | D:3      | XOM: cast spell 'Animate Armour'
  2955 | D:3      | XOM: cast spell 'Summon Ice Beast'
  2967 | D:3      | Killed a lemure
  2978 | D:3      | You fall into a shaft and drop 1 floor!
  3074 | D:4      | Killed Pikel
  3075 | D:4      | Reached skill level 6 in Stealth
  3075 | D:4      | Reached XP level 5. HP: 20/31 MP: 8/14
  3075 | D:4      | Reached XP level 6. HP: 23/36 MP: 8/15
  3075 | D:4      | Reached XP level 7. HP: 26/40 MP: 8/16
  3108 | D:4      | Reached skill level 5 in Spellcasting
  3320 | D:4      | Found Cat His's Armour Shop.
  3517 | D:4      | XOM: 5-stop teleportation journey
  3809 | D:4      | Reached skill level 7 in Stealth
  4174 | D:4      | Reached skill level 5 in Summonings
  4345 | D:5      | Entered Level 5 of the Dungeon
  4360 | D:5      | Reached XP level 8. HP: 45/45 MP: 17/19
  4416 | D:5      | Gained mutation: Your natural rate of healing is unusually
                  | fast. [potion of mutation]
  4574 | D:5      | XOM: divination: magic mapping
  4645 | D:5      | Noticed Blork the orc
  4661 | D:5      | XOM: potion effect (berserk rage)
  4670 | D:5      | Killed Blork the orc
  4671 | D:5      | Reached skill level 8 in Stealth
  4698 | D:5      | Noticed Sigmund
  4701 | D:5      | Killed Sigmund
  5018 | D:6      | Noticed Duvessa
  5018 | D:6      | Noticed Dowan
  5027 | D:6      | XOM: butterfly on damage
  5033 | D:6      | Killed Duvessa
  5105 | D:6      | Killed Dowan
  5156 | D:6      | Found an opulent altar of Gozag.
  5157 | D:6      | Noticed Edmund
  5249 | D:6      | XOM: silly message
  5635 | D:6      | Killed Edmund
  5827 | D:6      | XOM: 2-stop teleportation journey
  5948 | D:6      | Found a shadowy altar of Dithmenos.
  5956 | D:6      | XOM: divination: detect creatures
  6125 | D:6      | Noticed Grinder
  6127 | D:6      | Killed Grinder
  6128 | D:6      | Reached skill level 9 in Stealth
  6128 | D:6      | Reached XP level 9. HP: 50/50 MP: 21/23
  6453 | D:7      | Noticed Menkaure
  6460 | D:7      | Killed Menkaure
  6469 | D:7      | Found a staircase to the Ecumenical Temple.
  6649 | D:8      | Noticed a boulder beetle
  6650 | D:8      | Found a transporter.
  6688 | D:8      | Noticed a centaur warrior
  6689 | D:8      | Noticed a two-headed ogre
  6763 | D:8      | Found a transporter.
  6780 | D:8      | XOM: divination: detect items
  6812 | D:8      | Noticed Prince Ribbit
  6837 | D:8      | Killed Prince Ribbit
  7359 | D:9      | Noticed a death yak
  7359 | D:9      | Noticed a death yak
  7484 | D:9      | XOM: silly message
  7549 | D:9      | Noticed a death yak
  7579 | D:9      | XOM: chaos upgrade
  7729 | D:9      | XOM: scenery: create altars
  7731 | D:9      | XOM: polymorph bullfrog -> iguana
  7735 | D:9      | XOM: smoke on damage
  7744 | D:9      | XOM: summons friendly ufetubus
  7761 | D:9      | XOM: enchant monster (bad)
  7767 | D:9      | Reached skill level 5 in Dodging
  7859 | D:9      | Noticed Maurice
  7869 | D:9      | Reached skill level 10 in Stealth
  7871 | D:9      | Something stole an amulet of faith
  7878 | D:9      | Something stole a +3 dagger of electrocution
  7880 | D:9      | Something stole 7 poisoned darts
  7885 | D:9      | Something stole 154 gold
  7887 | D:9      | Something stole 178 gold
  7934 | D:9      | Killed Maurice
  7935 | D:9      | Reached XP level 10. HP: 57/57 MP: 6/25
  8132 | D:9      | XOM: confusion (+ monsters)
  8133 | D:9      | XOM: enchant monster (good)
  8153 | D:9      | XOM: enchant monster (good)
  8174 | D:8      | an iguana changed into a torpor snail
  8174 | D:8      | Noticed a torpor snail (shapeshifter)
  8195 | D:10     | Entered Level 10 of the Dungeon
  8283 | D:10     | Found a staircase to the Orcish Mines.
  8406 | D:10     | Reached skill level 5 in Short Blades
  8573 | D:10     | XOM: 1-stop teleportation journey
  8641 | D:10     | XOM: confusion (+ monsters)
  8703 | D:10     | XOM: silly message
  8995 | D:10     | XOM: cloud trail
  9226 | D:11     | XOM: divination: detect items
  9374 | D:11     | XOM: scenery: create altars
  9568 | D:11     | Noticed a boulder beetle
  9590 | D:11     | XOM: potion effect (magic)
  9610 | D:12     | Killed a boulder beetle
  9659 | D:12     | XOM: give mutation
  9659 | D:12     | Gained mutation: You heal very quickly. [Xom's grace]
  9673 | D:12     | XOM: summons friendly shadow imp
  9678 | D:12     | Noticed a two-headed ogre
  9707 | D:12     | XOM: confuse monster(s)
  9712 | D:12     | Killed a two-headed ogre
  9713 | D:12     | Reached skill level 5 in Fighting
  9713 | D:12     | Reached skill level 10 in Spellcasting
  9764 | D:12     | XOM: summons friendly white imp
  9768 | D:12     | XOM: butterfly on damage
  9799 | D:12     | XOM: butterfly on damage
  9856 | D:12     | Noticed a deep elf pyromancer
  9868 | D:12     | XOM: fog
  9888 | D:12     | Noticed a cyclops
  9891 | D:12     | XOM: summons 6 hostile demons
  9976 | D:12     | Noticed a two-headed ogre
  9979 | D:12     | XOM: butterfly on damage
  9981 | D:12     | XOM: noise
  9982 | D:12     | XOM: cast spell 'Summon Small Mammal'
 10038 | D:10     | XOM: give mutation
 10038 | D:10     | Gained mutation: You are covered in fur. (AC +1) [Xom's
                  | grace]
 10077 | D:9      | XOM: god gift: 44 gold pieces
 10100 | D:9      | XOM: summons friendly quasit
 10107 | D:9      | XOM: noise
 10112 | D:9      | XOM: confuse monster(s)
 10129 | D:9      | Found a staircase to the Lair.
 10139 | Lair:1   | Entered Level 1 of the Lair of Beasts
 10185 | Lair:1   | Reached skill level 11 in Stealth
 10245 | Lair:1   | XOM: potion effect (brilliance)
 10277 | Lair:1   | XOM: silly message
 10280 | Lair:1   | Noticed a cane toad
 10303 | Lair:1   | XOM: silly message
 10317 | Lair:1   | Killed a cane toad
 10318 | Lair:1   | Reached XP level 11. HP: 45/64 MP: 27/27
 10369 | Lair:1   | XOM: silly message
 10496 | Lair:1   | HP: 3/64 [poisoned by a cane toad]
 10688 | Lair:1   | XOM: polymorph cerulean imp -> red devil
 10713 | Lair:1   | XOM: confuse monster(s)
 10921 | Lair:1   | XOM: give mutation
 10921 | Lair:1   | Lost mutation: You are covered in fur. (AC +1) [Xom's
                  | mischief]
 11053 | Lair:1   | XOM: enchant monster (good)
 11058 | Lair:1   | XOM: fog
 11060 | Lair:1   | XOM: polymorph blink frog -> blink frog
 11071 | Lair:1   | XOM: fake destruction
 11072 | Lair:1   | XOM: divination: magic mapping
 11197 | D:9      | XOM: destruction
 11234 | D:9      | a death yak changed into a spark wasp
 11234 | D:9      | Noticed a spark wasp
 11234 | D:9      | XOM: polymorph death yak -> spark wasp
 11733 | D:11     | Reached skill level 1 in Armour
 12098 | D:11     | XOM: cast spell 'Summon Small Mammal'
 12236 | D:11     | Learned a level 4 spell: Animate Armour
 12241 | D:11     | Learned a level 4 spell: Summon Lightning Spire
 12283 | D:11     | XOM: polymorph cerulean imp -> lemure
 12622 | Lair:1   | XOM: divination: detect creatures
 12941 | Lair:2   | Noticed a six-headed hydra
 12946 | Lair:2   | Killed a six-headed hydra
 12947 | Lair:2   | Reached skill level 12 in Stealth
 13002 | Lair:2   | Noticed Erica
 13032 | Lair:2   | Killed Erica
 13134 | Lair:2   | XOM: 1-stop teleportation journey
 13181 | Lair:2   | XOM: give mutations
 13181 | Lair:2   | Gained mutation: You are dopey. (Int -2) [Xom's mischief]
 13181 | Lair:2   | Gained mutation: You are partially covered in large bone
                  | plates. (SH +4) [Xom's mischief]
 13181 | Lair:2   | Lost mutation: You heal very quickly. [Xom's mischief]
 13219 | Lair:2   | Found a staircase to the Swamp.
 13287 | Lair:2   | You fall into a shaft and drop 2 floors!
 13424 | Lair:4   | Reached XP level 12. HP: 68/71 MP: 16/29
 13424 | Lair:4   | Noticed Urug
 13429 | Lair:4   | Reached skill level 1 in Air Magic
 13716 | Lair:4   | XOM: 3-stop teleportation journey
 13743 | Lair:3   | Noticed a catoblepas
 13743 | Lair:3   | XOM: enchant monster (good)
 13765 | Lair:3   | Killed a catoblepas
 13999 | Lair:2   | Reached skill level 10 in Summonings
 14007 | Lair:2   | XOM: smoke on damage
 14088 | Lair:2   | XOM: polymorph wolf -> ice beast
 14163 | Lair:2   | XOM: summons 2 hostile shadow creatures
 14404 | Lair:2   | XOM: summons 2 friendly demons
 14435 | Lair:2   | XOM: silly message
 14635 | Lair:2   | XOM: divination: detect creatures
 14691 | Lair:2   | XOM: stat loss: -1 Str (8/9)
 15005 | Lair:2   | Found a staircase to the Snake Pit.
 15259 | Lair:3   | Found a bloodstained altar of Trog.
 15395 | Lair:3   | XOM: 1-stop teleportation journey
 15652 | Lair:3   | XOM: silly message
 15847 | Lair:3   | XOM: potion effect (magic)
 15865 | Lair:3   | XOM: potion effect (brilliance)
 16490 | D:7      | Found a white marble altar of Elyvilon.
 17075 | D:7      | XOM: god gift: +2 rapier of electrocution
 17338 | D:7      | XOM: god gift: chain mail {god gift}
 17485 | D:7      | Reached skill level 10 in Dodging
 18031 | D:12     | Killed a two-headed ogre
 18107 | D:12     | Reached XP level 13. HP: 48/76 MP: 3/30
 18669 | D:12     | XOM: scenery: 1 doors close
 18861 | D:12     | Noticed Nergalle
 18866 | D:12     | Killed Nergalle
 18906 | D:12     | XOM: give mutations
 18906 | D:12     | Lost mutation: You are dopey. (Int -2) [Xom's grace]
 18906 | D:12     | Gained mutation: You have a pair of small antennae on your
                  | head. [Xom's grace]
 19019 | D:12     | XOM: give mutations
 19019 | D:12     | Gained mutation: You have sharp fingernails. [Xom's grace]
 19019 | D:12     | Gained mutation: You expend magic power (3 MP) to
                  | strengthen your wands. [Xom's grace]
 19226 | D:13     | XOM: 8-stop teleportation journey
 19373 | D:13     | XOM: silly message
 19387 | D:13     | XOM: confuse monster(s)
 19450 | D:13     | XOM: divination: magic mapping
 19619 | D:13     | XOM: 1-stop teleportation journey
 19812 | D:13     | XOM: enchant monster (good)
 19818 | D:13     | Reached skill level 5 in Armour
 19897 | D:13     | Reached skill level 5 in Air Magic
 19916 | D:13     | XOM: summons 3 hostile demons
 20048 | D:13     | XOM: 1-stop teleportation journey
 20193 | D:13     | XOM: give mutations
 20193 | D:13     | Gained mutation: Your mind is acute. (Int +4, Str/Dex -1)
                  | [Xom's mischief]
 20193 | D:13     | Lost mutation: You have sharp fingernails. [Xom's mischief]
 20193 | D:13     | Lost mutation: Your mind is acute. (Int +4, Str/Dex -1)
                  | [Xom's mischief]
 20193 | D:13     | Gained mutation: You sometimes lose your temper in combat.
                  | [Xom's mischief]
 20607 | D:11     | XOM: noise
 21125 | D:13     | XOM: god gift: wand of paralysis (6)
 21430 | D:9      | XOM: noise
 21431 | D:9      | Killed a spark wasp
 21771 | Orc:1    | Entered Level 1 of the Orcish Mines
 21771 | Orc:1    | XOM: summons 2 hostile shadow creatures
 21962 | D:10     | XOM: give mutations
 21962 | D:10     | Gained mutation: Armour fits poorly on your strangely
                  | shaped body. [Xom's mischief]
 21962 | D:10     | Gained mutation: You are clumsy. (Dex -2) [Xom's mischief]
 21962 | D:10     | Lost mutation: You sometimes lose your temper in combat.
                  | [Xom's mischief]
 22794 | Orc:1    | Reached skill level 10 in Short Blades
 23162 | Orc:2    | Entered Level 2 of the Orcish Mines
 23600 | Orc:2    | Noticed an orc warlord
 23617 | Orc:1    | XOM: chaos cloud
 23726 | Orc:2    | XOM: repel stairs
 23749 | Orc:2    | Found Paedepev's Antique Weapon Shop.
 23819 | Orc:2    | Killed an orc warlord
 23858 | Orc:2    | Found Pidduep's Overcharged Wands.
 23858 | Orc:2    | XOM: 1-stop teleportation journey
 23918 | Orc:2    | XOM: draining
 24008 | Orc:2    | Reached XP level 14. HP: 79/80 MP: 15/31
 24164 | Orc:2    | Found Ycimmuv's General Store.
 24173 | Orc:2    | Bought a potion of magic for 120 gold pieces
 24178 | Orc:2    | Found Fitummai's Jewellery Boutique.
 24184 | Orc:2    | XOM: polymorph ogre -> ogre
 24246 | Orc:2    | Found a staircase to the Elven Halls.
 24318 | Orc:2    | XOM: give mutations
 24318 | Orc:2    | Gained mutation: Your flesh is cold resistant. (rC+) [Xom's
                  | mischief]
 24318 | Orc:2    | Gained mutation: Your mind is acute. (Int +4, Str/Dex -1)
                  | [Xom's mischief]
 24318 | Orc:2    | Gained mutation: You are weak. (Str -2) [Xom's mischief]
 24420 | Orc:2    | XOM: stat loss: -1 Int (32/33)
 24582 | Orc:2    | Found Dewaf's Antique Armour Shop.
 24590 | Orc:2    | Bought a polished robe for 165 gold pieces
 24590 | Orc:2    | Identified the +0 robe of the Red God {rF++ Dex+6} (You
                  | bought it in a shop on level 2 of the Orcish Mines)
 24934 | Lair:4   | XOM: silly message
 24957 | Lair:4   | XOM: summons 8 hostile demons
 25089 | Lair:4   | Found a staircase to the Slime Pits.
 25319 | Lair:4   | Found a runed translucent gate.
 25319 | Lair:4   | Noticed leafyfresh's ghost (journeyman DjIE)
 25329 | Lair:4   | Found a runed translucent gate.
 25377 | Lair:4   | XOM: confusion (+ monsters)
 25381 | Lair:4   | XOM: confuse monster(s)
 25414 | Lair:4   | XOM: summons 2 hostile shadow creatures
 25497 | Lair:4   | Found a runed translucent gate.
 25533 | Lair:4   | XOM: smoke on damage
 25534 | Lair:4   | Hit by a javelin thrown by Urug

Illustrated notes

Levels and vault maps discovered:
D:1:      shiori_shiawase, layout_loops_ring, dreamdust_mushroom_princess
D:2:      layout_basic
D:3:      layout_basic, kennysheep_orc_sif_temple, okawaru_trees_2,
          serial_shops, nicolae_shop_rolling_square
D:4:      layout_basic, gup_sewer_entry_bubbles, serial_shops,
          kennysheep_mini_moat, uniq_pikel
D:5:      layout_gridville, uniq_blork_the_orc, uniq_sigmund
D:6:      layout_basic, mainiacjoe_overflow_tiny_flanked, lemuel_tele_altar,
          st_stairs_8, uniq_edmund, uniq_duvessa, uniq_grinder
D:7:      minmay_chambers_of_fours, layout_basic, elyvilon_altar_1,
          minmay_temple_entry_mist, uniq_menkaure
D:8:      gammafunk_sealed_arena, layout_basic, uniq_prince_ribbit1
D:9:      layout_rooms, dpeg_lair_monsters, uniq_maurice
D:10:     layout_long_grid, orc_0_dummy
D:11:     layout_grid_maze, hangedman_tell_no_tales
D:12:     layout_roguey, reono_crystal_passage, minivault_4, uniq_nergalle
D:13:     layout_loops_ring, kennysheep_generic_room_7
D:14:     nicolae_whirlpool, layout_long_grid, grunt_vaults_entry_tiered,
          abandoned_shop, uniq_louise, uniq_kirke
Lair:1:   minmay_lair_venomous_thicket, layout_regular_city, minivault_26,
          chequers_serial_rivers_large_b
Lair:2:   layout_loops_ring, swamp_mist, nicolae_snake_entry_squirm, uniq_erica
Lair:3:   layout_chaotic_city, basic_altar, chequers_serial_rivers_room_a
Lair:4:   layout_cave_pods, dpeg_slime_entry_corner, gammafunk_ghost_split,
          minmay_lindwurm_lava, uniq_urug
Orc:1:    layout_caves, basic_altar, nicolae_orc_damp_corner,
          nicolae_orc_takin'_care_of_business
Orc:2:    grunt_orc_gardens, layout_caves, grunt_orc_garden, grunt_orc_garden,
          grunt_orc_garden, grunt_orc_garden, basic_altar,
          nicolae_shop_overcharged_wands

Skill      XL: |  1  2  3  4  5  6  7  8  9 10 11 12 13 14 |
---------------+-------------------------------------------+-----
Stealth        | 2 3 4 6 7 9 10 11 12 | 12.0
Spellcasting   | 1 4 6 8 9 10 11 | 11.0
Summonings     | 1 4 5 6 7 8 9 10 11 | 11.0
Dodging        | 3 5 7 8 10 | 10.0
Fighting       | 3 4 5 6 7 9 |  9.4
Short Blades   | 4 6 7 8 10 11 | 11.0
Armour         | 2 4 6 7 |  7.3
Air Magic      | 4 5 |  5.0

Action                     |  1- 3 |  4- 6 |  7- 9 | 10-12 | 13-15 || total
---------------------------+-------+-------+-------+-------+-------++-------
  Melee: Short sword       |   137 |    37 |   137 |       |       ||   311
         Punch             |     1 |       |     3 |    11 |     4 ||    19
         Rapier            |       |       |   279 |   685 |   213 ||  1177
  Throw: Dart              |       |       |     4 |    12 |     1 ||    17
   Cast: Call Imp          |    10 |    11 |    80 |   110 |    58 ||   269
         Blink             |       |       |    19 |    39 |     1 ||    59
         Summon Lightning  |       |       |       |    80 |   111 ||   191
         Animate Armour    |       |       |       |    41 |    51 ||    92
  Evoke: Wand              |       |     4 |     5 |    17 |     2 ||    28
    Use: Potion            |     2 |     3 |    11 |    10 |     1 ||    27
         Scroll            |     2 |     4 |    15 |     7 |     4 ||    32
   Stab: Sleeping          |     6 |     2 |    12 |     5 |       ||    25
         Distracted        |     2 |     1 |     5 |     7 |     7 ||    22
         Confused          |     1 |       |     1 |     1 |       ||     3
         Invisible         |       |       |     5 |       |       ||     5
         Paralysed         |       |       |       |     4 |     1 ||     5
 Armour: Leather armour    |    45 |    15 |   187 |   258 |       ||   505
         Skin              |       |       |    18 |     6 |       ||    24
         Acid dragon scale |       |       |       |   109 |   147 ||   256
  Dodge: Dodged            |    70 |    23 |   155 |   298 |   120 ||   666
  Block: Other             |    10 |     7 |    49 |   152 |    85 ||   303
         Reflection        |       |     1 |       |     1 |    14 ||    16
